 Dungeon Crawl Stone Soup version 0.28.0-43-g3370ac3207 (webtiles) character file.

Game seed: 17766197645921913156

171590 firemarshallily the Sorcerer (level 18, 0/99 HPs)
             Began as a Djinni Summoner on Apr 1, 2022.
             Was the Champion of Hepliaklqana.
             Slain by a wolf spider (4 damage)
             ... on level 2 of the Spider Nest on Apr 2, 2022.
             The game lasted 06:23:46 (28696 turns).

firemarshallily the Sorcerer (Djinni Summoner)     Turns: 28696, Time: 06:23:47

Health: 0/99       AC: 22    Str:  5    XL:     18   Next: 35%
Gold:   3584       EV: 11    Int: 24    God:    Hepliaklqana [******] SH:  0 Dex: 21

rFire   + + .      SeeInvis +   u - +6 scythe (drain)
rCold   . . .      Faith    .   (shield currently unavailable)
rNeg    . . .      Spirit   .   R - +5 ring mail {rC+}
rPois   ∞          Reflect  .   l - +2 helmet {SInv}
rElec   +          Harm     .   j - +0 cloak of Lilacs {rElec}
rCorr   .          Rampage  .   U - +2 pair of gloves
Will    +....                   (boots unavailable)
Stlth   +++.......              d - amulet of regeneration
HPRegen 1.06/turn               A - +6 ring of dexterity
MPRegen 0.00/turn               I - +4 ring of protection

@: about to teleport, forested, flying, studying Maces & Flails
A: reduced essence, sickness immunity, fire resistance 2, cold vulnerability 1,
float, innate caster, HP casting, extra vitality 1, weak 1, noise suppression
}: 1/15 runes: barnacled
a: Renounce Religion, Recall Ancestor, Ancestor Identity, Transference, Idealise


You were on level 2 of the Spider Nest.
You worshipped Hepliaklqana.
Hepliaklqana was exalted by your worship.
You visited 6 branches of the dungeon, and saw 30 of its levels.
You also visited: Gauntlet.

You collected 3649 gold pieces.
You spent 65 gold pieces at shops.

Inventory:

Hand Weapons
 u - a +6 scythe of draining (weapon)
 E - a +1 glaive of protection
 H - a +2 trident of protection
Missiles
 a - 3 throwing nets
 B - 4 boomerangs of dispersal (quivered)
Armour
 i - a +2 leather armour of cold resistance
 j - the +0 cloak of Lilacs (worn) {rElec}
   (You found it in a Gauntlet)

   rElec:     It insulates you from electricity.
 l - a +2 helmet of see invisible (worn)
 R - a +5 ring mail of cold resistance (worn)
 U - a +2 pair of gloves (worn)
Jewellery
 d - an amulet of regeneration (around neck)
 A - a +6 ring of dexterity (left hand)
 I - a +4 ring of protection (right hand)
 O - a ring of protection from cold
Wands
 m - a wand of iceblast (30)
 n - a wand of flame (70)
 o - a wand of charming (2)
 r - a wand of polymorph (7)
 t - a wand of paralysis (35)
 v - a wand of acid (8)
 D - a wand of digging (7)
 K - a wand of mindburst (13)
Scrolls
 b - a scroll of silence
 c - a scroll of brand weapon
 f - a scroll of fog
 p - 2 scrolls of magic mapping
 x - 5 scrolls of enchant armour
 y - 2 scrolls of teleportation
 C - a scroll of enchant weapon
 G - 7 scrolls of identify
Potions
 e - a potion of brilliance
 g - a potion of resistance
 h - 2 potions of lignification
 k - a potion of curing
 q - a potion of mutation
 z - a potion of might
 S - 2 potions of cancellation
Miscellaneous
 w - a box of beasts (inert)
 F - a condenser vane
 J - a phantom mirror (inert)
 L - a tin of tremorstones (1/2)


   Skills:
 + Level 4.6 Fighting
 + Level 0.9(3.9) Axes
 + Level 6.0(6.1) Polearms
 + Level 3.7 Armour
 + Level 5.5 Dodging
 + Level 5.8 Stealth
 * Level 22.2 Spellcasting
 + Level 0.4 Evocations


You had 16 spell levels left.
You knew the following spells:

 Your Spells              Type           Power      Damage    Failure   Level
a - Summon Small Mammal   Summ           100%       N/A       0%          1
b - Call Imp              Summ           93%        N/A       0%          2
c - Call Canine Familiar  Summ           93%        N/A       0%          3
d - Summon Guardian Gole  Hex/Summ       93%        N/A       0%          3
e - Summon Lightning Spi  Summ/Air       93%        N/A       0%          4
f - Animate Skeleton      Necr           100%       N/A       0%          1
g - Corpse Rot            Necr/Air       100%       N/A       0%          2
h - Ensorcelled Hibernat  Hex/Ice        100%       N/A       0%          2
i - Anguish               Hex/Necr       46%        N/A       0%          4
j - Summon Forest         Summ/Tloc      46%        N/A       1%          5
k - Agony                 Necr           93%        N/A       1%          5
l - Iron Shot             Conj/Erth      46%        9d9       1%          6
m - Summon Hydra          Summ           46%        N/A       1%          7
Your spell library was empty.

Dungeon Overview and Level Annotations

Branches:
Dungeon (15/15)            Temple (1/1) D:6            Lair (6/6) D:8
 Shoals (4/4) Lair:3       Spider (2/4) Lair:4        Slime (0/5) Lair:6
    Orc (2/2) D:12            Elf (0/3) Orc:2        Vaults (0/5) D:14
 Depths (0/4) D:15        Gauntlet (visited)

Altars:
Ashenzari
Cheibriados
Dithmenos
Elyvilon
Fedhas
Gozag
Hepliaklqana
Kikubaaqudgha
Makhleb
Nemelex Xobeh
Okawaru
Qazlal
Ru
Sif Muna
Trog
Uskayaw
Vehumet
Wu Jian
Xom
Yredelemnul
Zin
The Shining One
Beogh

Shops:
D:2 !   D:5 =*   D:11 =(*(   D:13 !   Orc:2 :(*[


Innate Abilities, Weirdness & Mutations

Your life essence is reduced to manifest your ancestor. (-10% HP)
You are immune to sickness and miasma.
You are immune to poison.
Your flesh is very heat resistant. (rF++)
You are vulnerable to cold. (rC-)
You float through the air rather than walking.
You learn spells naturally, not from books.
Your magical power is your life essence.
You have superior vitality. (+4 MHP)
You are weak. (Str -2)
You passively dampen the noise of your surroundings.


Message History

The jumping spider bites you but does no damage.
The redback closely misses you. The wolf spider misses you.
The wolf spider bites you but does no damage.
The jumping spider pounces on you!
The jumping spider is wracked by anguish!
The jumping spider bites you but does no damage.
The redback bites you but does no damage.
As you read the scroll of teleportation, it crumbles to dust.
You feel strangely unstable.
The wolf spider hits you but does no damage.
The wolf spider barely misses you.
The jumping spider leaps!
The redback bites you.
The redback is wracked by anguish.
The wolf spider hits you but does no damage.
The wolf spider bites you but does no damage.
The broodmother summons a spider!
Reach: u) +6 scythe (drain)
Press: ? - help, Dir - move target, f - broodmother
Aim: a broodmother (almost dead, anguished, about 15% to evade your +6 scythe of draining)
You reach to attack!
You slice the broodmother!!
The broodmother is almost dead.
The jumping spider leaps!
The redback barely misses you. The wolf spider hits you!
* * * LOW HITPOINT WARNING * * *
The wolf spider bites you.
* * * LOW HITPOINT WARNING * * *
The jumping spider leaps!
The redback bites you but does no damage. x2
The jumping spider barely misses you. The jumping spider closely misses you.
The redback bites you!
* * * LOW HITPOINT WARNING * * *
The redback barely misses you.
As you read the scroll of fog, it crumbles to dust.
The scroll dissolves into smoke.
The jumping spider pounces on you!
* * * LOW HITPOINT WARNING * * *
The jumping spider bites you but does no damage.
The redback bites you but does no damage.
The broodmother closely misses you.
The wolf spider hits you but does no damage.
The wolf spider bites you.
You die...

.......^..^.......
.......♣....^......
................♣.#
................... #
.......♣..:...♣....
#...................#
#...#.°.....§†...=##
#..♣♣...§§♣s§.......
........§°@ss...^...
..♣#...§sss........
.#♣.♣...#§.♣.......
##.....^♣....^.#...
##..♣....♣..........
#.......##♣...♣.....
#.......###♣..♣.....
#...)....# #........
####....##


You could see a broodmother (anguished), 2 wolf spiders, a jumping spider
(summoned) and 2 redbacks.

Vanquished Creatures
  A great orb of eyes (D:14)
  Erica (D:9)
  A hydra (Lair:3)
  A merfolk aquamancer (Shoals:1)
  A goliath frog (Lair:6)
  A faun (Shoals:2)
  A centaur zombie (D:11)
  An elephant (Lair:1)
  A moth of wrath (Spider:1)
  A water nymph (Shoals:4)
  A torpor snail (Spider:1)
  A cane toad (Lair:6)
  A minotaur zombie (Gauntlet)
  A komodo dragon (Lair:4)
  A troll (Orc:1)
  2 polar bears
  2 tarantellas (Spider:1)
  A snapping turtle (Shoals:4)
  A blink frog (Lair:1)
  A human (D:14)
  A water elemental (Shoals:1)
  3 yaks
  A steam dragon (D:8)
  4 redbacks
  A vampire mosquito (D:11)
  Menkaure (D:5)
  A water moccasin (Lair:2)
  3 orc warriors
  An ice beast (D:7)
  2 bullfrogs
  5 scorpions
  A jelly (Lair:6)
  2 centaur skeletons
  A gnoll shaman (D:5)
  An orc wizard (D:4)
  2 gnolls
  2 adders
  A dart slug (D:4)
  6 orcs
  2 giant cockroaches
  4 goblins
  4 hobgoblins
  A jackal (D:1)
  A kobold (D:1)
  2 quokkas
  A ball python (D:1)
  3 bats (D:1)
  A frilled lizard (D:3)
  A rat (D:3)
  A tentacle (Shoals:4)
82 creatures vanquished.

Vanquished Creatures (collateral kills)
  Jorgrun (D:15)
  Rupert (D:14)
  A kraken (Shoals:4)
  Roxanne (D:14)
  An emperor scorpion (Spider:2)
  A broodmother (Spider:1)
  3 entropy weavers
  A stone giant (D:15)
  Nessos (D:14)
  A minotaur (Gauntlet)
  The ghost of firemarshallily the Thaumaturge, a journeyman MfSu of Vehumet (Lair:3)
  4 merfolk javelineers (Shoals:4)
  6 merfolk impalers
  A green death (Gauntlet)
  3 boulder beetles
  2 jorogumos
  A rakshasa (D:15)
  A merfolk avatar (Shoals:4)
  2 catoblepae
  2 alligator snapping turtles (Shoals:4)
  5 hydras
  4 centaur warriors
  7 two-headed ogres
  2 orc high priests (Orc:2)
  Urug (Lair:6)
  A spectral death yak (Lair:3)
  2 pharaoh ants
  3 sun moths
  A skeletal warrior (D:14)
  6 sea snakes
  A steelbarb worm (Spider:2)
  A goliath frog (Lair:6)
  An orb spider (Spider:2)
  5 orc knights
  9 harpies
  A spectral boulder beetle (Lair:3)
  An orc sorcerer (Orc:2)
  5 cyclopes
  12 ugly things (D:15)
  A wolf spider (Spider:1)
  16 manticores
  Maurice (D:13)
  7 fauns
  9 merfolk sirens
  18 elephants
  4 black mambas
  5 water nymphs
  2 torpor snails
  An orange demon (Gauntlet)
  17 cane toads
  A minotaur zombie (Gauntlet)
  3 yaktaurs (D:15)
  2 rime drakes (Lair:6)
  2 demonic crawlers (Spider:1)
  An efreet (D:10)
  A yaktaur (shapeshifter) (D:15)
  2 kobold demonologists
  13 komodo dragons
  A polar bear (Lair:3)
  4 trolls
  5 wind drakes
  18 tarantellas
  25 merfolk
  2 nameless horrors
  3 tyrant leeches (Lair:6)
  13 blink frogs
  8 snapping turtles
  A spectral dream sheep (Lair:3)
  14 dream sheep
  Sigmund (D:4)
  9 flying skulls (Gauntlet)
  9 jumping spiders
  A spriggan (shapeshifter) (D:13)
  2 spriggans
  9 water elementals
  2 shadows
  3 wyverns
  3 wraiths
  9 culicivoras
  38 yaks
  2 vampires
  2 basilisks
  A steam dragon (D:9)
  A golden eye (shapeshifter) (D:15)
  15 humans (D:14)
  29 redbacks
  12 vampire mosquitoes
  A spectral cane toad (Lair:3)
  10 water moccasins
  4 wargs (Orc:2)
  An acid dragon (D:9)
  A black bear (shapeshifter) (D:14)
  21 orc warriors
  3 black bears
  2 hornet zombies
  3 necrophages
  11 ogres
  A spectral torpor snail (Lair:3)
  6 centaurs
  19 wolves
  A phantom (D:4)
  4 kobold brigands
  A gnoll sergeant (Orc:2)
  16 bullfrogs
  A scorpion (D:6)
  A cane toad simulacrum (Lair:3)
  2 killer bees (Lair:4)
  A wight (D:10)
  7 howler monkeys
  5 centaur zombies
  A komodo dragon simulacrum (Lair:3)
  9 orc priests
  A gnoll shaman (D:9)
  2 hounds (D:5)
  14 jellies
  An iron imp (D:9)
  An iguana (D:5)
  17 orc wizards
  5 hell rats (Lair:3)
  13 gnolls
  9 adders
  A white imp (D:6)
  2 ufetubi
  4 worms
  3 dart slugs
  48 orcs
  5 bats
  8 endoplasms
  2 giant cockroaches (D:2)
  8 hobgoblins
  2 jackals (D:1)
  4 quokkas
  8 ball pythons
  12 goblins
  20 kobolds
  2 rats
  A bush (Lair:6)
  A tentacle (Shoals:4)
777 creatures vanquished.

Vanquished Creatures (others)
  An orc warlord (Orc:2)
  2 entropy weavers (Spider:1)
  A merfolk javelineer (Shoals:4)
  A boulder beetle (Spider:1)
  A hydra (Lair:6)
  An orc knight (Orc:1)
  2 elephants
  A black mamba (Lair:6)
  A komodo dragon (Lair:6)
  A polar bear (Lair:6)
  A meliai (Lair:4)
  A dream sheep (Lair:6)
  A wyvern (Lair:1)
  5 orc warriors
  A centaur (D:10)
  A gnoll sergeant (D:5)
  A killer bee (Lair:4)
  An orc priest (Orc:2)
  4 ancestors
  31 battlemagi
  An orc wizard (Orc:2)
  2 orcs
  50 fungi
  133 plants
  4 snaplasher vines
  25 tentacles (Shoals:4)
274 creatures vanquished.

Grand Total: 1133 creatures vanquished

Notes
Turn   | Place    | Note
-------+----------+-------------------------------------------
     0 | D:1      | firemarshallily the Djinni Summoner began the quest for the
                  | Orb.
     0 | D:1      | Reached XP level 1. HP: 15/15 MP: 0/0
   254 | D:1      | Reached XP level 2. HP: 20/21 MP: 0/0
   822 | D:1      | Reached XP level 3. HP: 23/25 MP: 0/0
   822 | D:1      | Learned a level 1 spell: Animate Skeleton
  1767 | D:2      | Found Ejol's Distillery.
  1775 | D:2      | Bought a potion of heal wounds for 65 gold pieces
  1776 | D:2      | Identified a scroll of acquirement
  1777 | D:2      | Acquired an amulet of regeneration
  1819 | D:2      | Reached skill level 4 in Spellcasting
  2169 | D:2      | Reached XP level 4. HP: 31/31 MP: 0/0
  2995 | D:3      | Reached XP level 5. HP: 32/35 MP: 0/0
  2995 | D:3      | Learned a level 2 spell: Corpse Rot
  3325 | D:3      | Found a burning altar of Makhleb.
  3380 | D:3      | Reached XP level 6. HP: 25/40 MP: 0/0
  3488 | D:4      | Noticed Sigmund
  3488 | D:4      | Noticed a necrophage
  3516 | D:4      | Killed a necrophage
  3517 | D:4      | Reached skill level 5 in Spellcasting
  3557 | D:4      | Killed Sigmund
  3558 | D:4      | Reached XP level 7. HP: 46/46 MP: 0/0
  3558 | D:4      | Learned a level 2 spell: Ensorcelled Hibernation
  3607 | D:4      | Reached skill level 6 in Spellcasting
  3848 | D:4      | Reached XP level 8. HP: 50/51 MP: 0/0
  4537 | D:4      | Reached skill level 7 in Spellcasting
  4699 | D:5      | Entered Level 5 of the Dungeon
  4751 | D:5      | Found Vamigiad's Jewellery Shop.
  4928 | D:5      | Reached skill level 1 in Fighting
  5286 | D:5      | Found Padim's General Store.
  5382 | D:5      | Noticed Menkaure
  5406 | D:5      | Killed Menkaure
  5407 | D:5      | Reached skill level 1 in Polearms
  5407 | D:5      | Reached skill level 8 in Spellcasting
  5407 | D:5      | Reached XP level 9. HP: 12/57 MP: 0/0
  5407 | D:5      | Learned a level 4 spell: Anguish
  5971 | D:6      | Found a staircase to the Ecumenical Temple.
  5982 | Temple   | Entered the Ecumenical Temple
  6211 | Temple   | Became a worshipper of Hepliaklqana the Forgotten
  6681 | D:6      | Found the +1 Delatra's gloves {ID++}
  6820 | D:6      | Reached skill level 9 in Spellcasting
  7555 | D:7      | You are sucked into a shaft and drop 1 floor!
  8060 | D:8      | Reached XP level 10. HP: 58/62 MP: 0/0
  8096 | D:8      | Reached * piety under Hepliaklqana
  8148 | D:8      | Reached skill level 10 in Spellcasting
  8208 | D:8      | Found a staircase to the Lair.
  8671 | Lair:1   | Entered Level 1 of the Lair of Beasts
  8683 | Lair:1   | Noticed a komodo dragon
  8697 | Lair:1   | Killed a komodo dragon
  8784 | Lair:1   | Noticed an elephant
  8796 | Lair:1   | Noticed an elephant
  8796 | Lair:1   | Noticed an elephant
  8797 | Lair:1   | Killed an elephant
  8797 | Lair:1   | Noticed an elephant
  8809 | Lair:1   | Killed an elephant
  8809 | Lair:1   | Killed an elephant
  8810 | Lair:1   | Reached skill level 11 in Spellcasting
  8811 | Lair:1   | Killed an elephant
  8840 | Lair:1   | Noticed an elephant
  8841 | Lair:1   | Reached XP level 11. HP: 60/60 MP: 0/0
  8841 | Lair:1   | Learned a level 5 spell: Summon Forest
  8852 | Lair:1   | Reached skill level 12 in Spellcasting
  8862 | Lair:1   | Killed an elephant
  9090 | Lair:1   | Found a burning altar of Makhleb.
  9282 | Lair:1   | Reached ** piety under Hepliaklqana
  9283 | Lair:1   | Remembered your ancestor Maria as a battlemage
  9984 | Lair:2   | Gained mutation: You passively dampen the noise of your
                  | surroundings. [potion of mutation]
  9984 | Lair:2   | Gained mutation: You are weak. (Str -2) [potion of
                  | mutation]
 10011 | Lair:2   | Reached skill level 13 in Spellcasting
 10333 | Lair:3   | Found a gate leading to a gauntlet.
 10341 | Gauntlet | Entered a Gauntlet
 10341 | Gauntlet | Noticed a green death
 10341 | Gauntlet | Found a transporter.
 10341 | Gauntlet | Found a transporter.
 10341 | Gauntlet | Found a transporter.
 10344 | Gauntlet | Found the dreamshard necklace {*Dream Drain}
 10345 | Gauntlet | Found a transporter.
 10345 | Gauntlet | Reached *** piety under Hepliaklqana
 10345 | Gauntlet | Found a transporter.
 10381 | Gauntlet | Found a transporter.
 10401 | Gauntlet | Found a transporter.
 10416 | Gauntlet | Found a transporter.
 10418 | Gauntlet | Found a large runed translucent door.
 10419 | Gauntlet | Found a large runed translucent door.
 10420 | Gauntlet | Found a large runed translucent door.
 10420 | Gauntlet | Found a large runed translucent door.
 10420 | Gauntlet | Found a runed translucent door.
 10420 | Gauntlet | Found a runed translucent door.
 10421 | Gauntlet | Found a large runed translucent door.
 10421 | Gauntlet | Found a large runed translucent door.
 10421 | Gauntlet | Found a large runed translucent door.
 10421 | Gauntlet | Found a large runed translucent door.
 10422 | Gauntlet | Found a large runed translucent door.
 10423 | Gauntlet | Found a large runed translucent door.
 10423 | Gauntlet | Found a large runed translucent door.
 10423 | Gauntlet | Found a transporter.
 10423 | Gauntlet | Found a large runed translucent door.
 10424 | Gauntlet | Found a large runed translucent door.
 10424 | Gauntlet | Found a large runed translucent door.
 10424 | Gauntlet | Found a large runed translucent door.
 10424 | Gauntlet | Found a large runed translucent door.
 10427 | Gauntlet | Found a runed translucent gate.
 10427 | Gauntlet | Found a runed translucent gate.
 10427 | Gauntlet | Found a runed translucent gate.
 10428 | Gauntlet | Found a transporter.
 10429 | Gauntlet | Found a transporter.
 10510 | Gauntlet | Killed a green death
 10518 | Gauntlet | Identified the +0 cloak of Lilacs {rElec}
 10558 | Gauntlet | Reached XP level 12. HP: 50/66 MP: 0/0
 10660 | Gauntlet | Identified the +6 morningstar "Voasedyj" {spect, rPois
                  | Int+7}
 10660 | Gauntlet | Noticed a minotaur
 10673 | Gauntlet | Killed a minotaur
 10830 | Lair:3   | Reached skill level 14 in Spellcasting
 11085 | Lair:3   | Found a staircase to the Shoals.
 11136 | Lair:3   | Noticed a seven-headed hydra
 11144 | Lair:3   | Killed a seven-headed hydra
 11275 | Lair:3   | Found a runed translucent gate.
 11275 | Lair:3   | Found a runed translucent gate.
 11275 | Lair:3   | Found a runed translucent gate.
 11281 | Lair:3   | Noticed firemarshallily's ghost (journeyman MfSu)
 11443 | Lair:3   | Noticed an eight-headed hydra
 11456 | Lair:3   | Killed an eight-headed hydra
 11736 | Lair:4   | Found a hole to the Spider Nest.
 11820 | Lair:4   | Reached XP level 13. HP: 72/72 MP: 0/0
 11820 | Lair:4   | Learned a level 5 spell: Agony
 12006 | Lair:4   | Reached skill level 15 in Spellcasting
 12099 | Lair:4   | Reached **** piety under Hepliaklqana
 12572 | Lair:5   | Noticed an eight-headed hydra
 12575 | Lair:5   | Killed an eight-headed hydra
 13302 | Lair:6   | Entered Level 6 of the Lair of Beasts
 13340 | Lair:6   | Noticed a catoblepas
 13351 | Lair:6   | Killed a catoblepas
 13352 | Lair:6   | Reached skill level 16 in Spellcasting
 13355 | Lair:6   | Reached skill level 5 in Stealth
 13361 | Lair:6   | Noticed a seven-headed hydra
 13372 | Lair:6   | Killed a seven-headed hydra
 13526 | Lair:6   | Reached XP level 14. HP: 75/78 MP: 0/0
 13662 | Lair:6   | Reached ***** piety under Hepliaklqana
 13683 | Lair:6   | Reached skill level 17 in Spellcasting
 13827 | Lair:6   | Noticed Urug
 13836 | Lair:6   | Killed Urug
 14288 | Lair:6   | Found a staircase to the Slime Pits.
 15661 | D:9      | Identified the +1 war axe of Prescription {freeze, *Rage
                  | rElec rCorr Dex+4}
 15744 | D:9      | Found a snail-covered altar of Cheibriados.
 15790 | D:9      | Noticed Erica
 15794 | D:9      | Killed Erica
 16427 | D:10     | Entered Level 10 of the Dungeon
 16685 | D:10     | Reached XP level 15. HP: 78/83 MP: 0/0
 16685 | D:10     | Learned a level 6 spell: Iron Shot
 16803 | D:10     | Reached skill level 18 in Spellcasting
 17507 | D:11     | Found Niraqe's General Store.
 17508 | D:11     | Found Uciys's Weapon Shoppe.
 17509 | D:11     | Found Houtirude's Jewellery Shop.
 17510 | D:11     | Found Xecudig's Antique Weapon Boutique.
 17598 | D:11     | Reached ****** piety under Hepliaklqana
 18152 | D:12     | Found a staircase to the Orcish Mines.
 18338 | D:12     | Identified the +7 trident "Getrich" {holy, rPois}
 18585 | Orc:1    | Entered Level 1 of the Orcish Mines
 18694 | Orc:2    | Entered Level 2 of the Orcish Mines
 18750 | Orc:2    | Reached skill level 5 in Polearms
 18784 | Orc:2    | Found a staircase to the Elven Halls.
 18807 | Orc:2    | Noticed an orc warlord
 18822 | Orc:2    | Killed an orc warlord
 18879 | Orc:2    | Found Itoukess's Antique Armour Shoppe.
 19051 | Orc:2    | Reached skill level 5 in Dodging
 19152 | Orc:2    | Found Ilikhloeff's General Store.
 19185 | Orc:2    | Found Qubigh's Book Emporium.
 19563 | Orc:2    | Found Zemmeiq's Antique Weapon Emporium.
 19897 | Orc:1    | Reached skill level 1 in Armour
 20233 | D:13     | Found Maba's Distillery.
 20296 | D:13     | Reached skill level 19 in Spellcasting
 20425 | D:13     | Identified the +2 spear "Ewatoxu" {venom, +Blink MP-9 Str-4
                  | Stlth+}
 20493 | D:13     | Noticed Maurice
 20508 | D:13     | Killed Maurice
 20691 | D:13     | Found an iron altar of Okawaru.
 20746 | D:14     | Noticed Nessos
 20746 | D:14     | Noticed Rupert
 20746 | D:14     | Found a gate to the Vaults.
 20801 | D:14     | Identified Roxanne's Catalogue of Transformation
 20801 | D:14     | Noticed Roxanne
 20890 | D:14     | Killed Roxanne
 21131 | D:14     | Paralysed by Rupert for 3 turns
 21144 | D:14     | Killed Rupert
 21145 | D:14     | Reached XP level 16. HP: 62/89 MP: 0/0
 21320 | D:14     | Killed Nessos
 21371 | D:14     | Found a stormy altar of Qazlal.
 21731 | D:15     | Entered Level 15 of the Dungeon
 22005 | D:15     | Found an opulent altar of Gozag.
 22220 | D:15     | Found a staircase to the Depths.
 22532 | D:15     | Noticed Jorgrun
 22549 | D:15     | Killed Jorgrun
 22811 | D:8      | Acquired 945 gold pieces
 22976 | Lair:3   | Killed firemarshallily's ghost
 22977 | Lair:3   | Reached skill level 20 in Spellcasting
 23073 | Shoals:1 | Entered Level 1 of the Shoals
 24133 | Shoals:2 | Reached XP level 17. HP: 64/93 MP: 0/0
 24133 | Shoals:2 | Learned a level 7 spell: Summon Hydra
 25412 | Shoals:4 | Entered Level 4 of the Shoals
 25698 | Shoals:4 | Reached skill level 21 in Spellcasting
 25991 | Shoals:4 | Noticed a kraken
 26329 | Shoals:4 | Killed a kraken
 26337 | Shoals:4 | Got a barnacled rune of Zot
 27377 | Spider:1 | Entered Level 1 of the Spider Nest
 27754 | Spider:1 | Reached XP level 18. HP: 76/99 MP: 0/0
 27956 | Spider:1 | Reached skill level 22 in Spellcasting
 28696 | Spider:2 | HP: 4/99 [jumping spider[a broodmother] (7)]
 28696 | Spider:2 | Slain by a wolf spider

Illustrated notes

Levels and vault maps discovered:
D:1:      sevenhm_arrival_forest_fort_small_3, layout_loops_ring, minmay_cut_off
D:2:      cheibrodos_greedy_goblins, layout_loops_ring, serial_shops, shop
D:3:      layout_basic, bloody_makhleb, saegor_snake_ambush
D:4:      layout_loops_corners, uniq_sigmund
D:5:      black_bear_nest_1, layout_basic, serial_shops, kennysheep_little_box,
          shop_statue, uniq_menkaure
D:6:      layout_loops_ring, minmay_temple_entry_overgrown,
          pf_guarded_unrand_delatra
D:7:      layout_basic, serial_curves, eino_curves_02, eino_curves_01,
          eino_curves_02
D:8:      layout_loops_cross, dpeg_oklobed_lair
D:9:      layout_stronghold, slow_altar_1, minmay_alternating_orb, uniq_erica
D:10:     layout_basic, lightli_fourway_metalbox
D:11:     layout_cave_pods, nicolae_wooded_promenade
D:12:     minmay_klotski, layout_basic, orc_0_dummy, minivault_16
D:13:     layout_rooms, serial_shops, shop, okawaru_altar_gauntlet_db,
          uniq_maurice
D:14:     layout_basic, david_vaults_3, serial_curves, eino_curves_04,
          eino_curves_03, minmay_misc_feat_columns, kennysheep_pointless_box,
          nicolae_qazlal_general_emergency, uniq_roxanne
D:15:     grunt_enter_depths_giant_problem, layout_irregular_city,
          grunt_gozag_breadcrumbs, uniq_jorgrun
Temple:   mainiacjoe_temple_cubbyholes
Lair:1:   layout_gridlike, basic_altar, columned_hall_lemuel, fungi_pond_lemuel,
          lemuel_fruit_tree, infiniplex_staircase_pool_2
Lair:2:   layout_cave_pods, nicolae_quartered_pool_medium,
          gammafunk_lair_bear_cave
Lair:3:   layout_chaotic_city, elwin_shoals_entry_rooms, gauntlet_entry_generic,
          gammafunk_ghost_necromancy
Lair:4:   layout_roguey, hellmonk_spider_entry_not_the_bees, st_stairs_8
Lair:5:   layout_long_grid, grunt_forest_stairs_clearing, grunt_megastairs_3,
          serial_bayou_shore_b, infiniplex_staircase_pool
Lair:6:   minmay_lair_end_frog_pond, layout_cave_pods,
          minmay_slime_entry_jelly_boxes, grunt_forest_large_clearing_hut,
          uniq_urug
Shoals:1: layout_shoals
Shoals:2: layout_shoals
Shoals:3: layout_shoals
Shoals:4: shoals_end_hangedman, layout_shoals
Spider:1: layout_spider_delve
Spider:2: layout_spider_delve
Orc:1:    layout_caves
Orc:2:    grunt_orc_gardens, layout_diamond_mine, grunt_orc_garden,
          grunt_orc_garden, grunt_orc_garden, grunt_orc_garden, basic_altar,
          minmay_orc_keep

Skill      XL: |  1  2  3  4  5  6  7  8  9 10 11 12 13 14 15 16 17 18 |
---------------+-------------------------------------------------------+-----
Spellcasting   | 4 5 6 8 9 11 13 14 16 17 19 20 21 22 | 22.2
Stealth        | 2 3 4 5 |  5.8
Fighting       | 1 2 3 4 |  4.6
Polearms       | 1 2 3 4 5 6 |  6.0
Dodging        | 3 4 5 |  5.5
Armour         | 1 2 3 |  3.7
Axes           | |  0.9
Evocations     | |  0.4

Action                   |  1- 3 |  4- 6 |  7- 9 | 10-12 | 13-15 | 16-18 || total
-------------------------+-------+-------+-------+-------+-------+-------++-------
Melee: Unarmed           |     5 |       |       |       |       |       ||     5
       Hand axe          |    27 |    28 |       |       |       |       ||    55
       Punch             |     1 |     1 |       |       |       |       ||     2
       Whip              |       |     8 |     8 |       |       |       ||    16
       Scythe            |       |       |    62 |    56 |   135 |   158 ||   411
Throw: Stone             |       |     1 |     1 |       |       |       ||     2
       Boomerang         |       |       |       |       |       |     3 ||     3
 Cast: Summon Small Mamm |    73 |    54 |   101 |    83 |   170 |   143 ||   624
       Call Imp          |    11 |    20 |    36 |    28 |    71 |    57 ||   223
       Animate Skeleton  |     7 |    14 |    33 |    43 |   128 |    56 ||   281
       Call Canine Famil |       |     1 |    29 |    30 |    71 |    64 ||   195
       Summon Lightning  |       |       |    14 |    30 |   128 |   150 ||   322
       Summon Guardian G |       |       |     6 |    12 |     9 |     4 ||    31
       Anguish           |       |       |     1 |     1 |    17 |    13 ||    32
       Summon Forest     |       |       |       |     4 |     7 |     8 ||    19
       Iron Shot         |       |       |       |       |     1 |     5 ||     6
       Summon Hydra      |       |       |       |       |       |    71 ||    71
       Corpse Rot        |       |       |       |       |       |     1 ||     1
Invok: Ancestor Identity |       |       |       |     1 |       |       ||     1
       Ancestor Life: Ba |       |       |       |     1 |       |       ||     1
       Recall Ancestor   |       |       |       |     2 |     2 |     3 ||     7
Evoke: Wand              |       |       |       |     3 |     1 |     4 ||     8
       Phantom mirror    |       |       |       |       |     1 |     1 ||     2
       Box of beasts     |       |       |       |       |       |     2 ||     2
       Tin of tremorston |       |       |       |       |       |     2 ||     2
  Use: Scroll            |     3 |     1 |     2 |    10 |     7 |    24 ||    47
       Potion            |       |       |     1 |     6 |     3 |    19 ||    29
 Stab: Distracted        |       |       |     6 |     7 |     7 |    11 ||    31
Armor: Robe              |    13 |     6 |    37 |     2 |       |       ||    58
       Steam dragon scal |       |       |       |    17 |    26 |       ||    43
       Ring mail         |       |       |       |       |    20 |   173 ||   193
       Skin              |       |       |       |       |       |     7 ||     7
Dodge: Dodged            |    34 |    21 |    85 |    85 |   143 |   178 ||   546
